 Dungeon Crawl Stone Soup version 0.29.1-13-g9f3cf754e1 (webtiles) character file.

Game seed: 17552867074828206182

1560 hbarley the Cleaver (level 8, -5/67 (70) HPs)
             Began as a Hill Orc Fighter on Feb 1, 2023.
             Slain by a gnoll sergeant
             ... wielding a +6 trident of venom
              (9 damage)
             ... on level 6 of the Dungeon.
             The game lasted 00:13:13 (5162 turns).

hbarley the Cleaver (Hill Orc Fighter)              Turns: 5162, Time: 00:13:14

HP:   -5/67 (70)    AC: 19    Str: 19    XL:     8   Next: 89%
MP:   8/8           EV:  7    Int:  8    God:
Gold: 359           SH:  5    Dex: 12    Spells: 7/7 levels left

rFire   . . .      SeeInvis .   a - +0 war axe
rCold   . . .      Faith    .   c - +0 buckler
rNeg    . . .      Spirit   .   j - +0 storm dragon scales
rPois   +          Reflect  .   l - +1 hat
rElec   +          Harm     .   v - +0 cloak
rCorr   .          Rampage  .   (no gloves)
Will    .....                   (no boots)
Stlth   ..........              (no amulet)
HPRegen 0.21/turn               n - ring of poison resistance
MPRegen 0.11/turn               s - +4 ring of protection

@: lethally poisoned (-5 -> -14), lightly drained
A: no striking features
a: no special abilities


You were on level 6 of the Dungeon.
You visited 1 branch of the dungeon, and saw 6 of its levels.

You collected 359 gold pieces.

Inventory:

Hand Weapons
 a - a +0 war axe (weapon)
Missiles
 A - a throwing net (quivered)
Armour
 c - a +0 buckler (worn)
 j - +0 storm dragon scales (worn)
 l - a +1 hat (worn)
 v - a +0 cloak (worn)
 w - a +1 ring mail of fire resistance
Jewellery
 i - a ring of protection from cold
 n - a ring of poison resistance (left hand)
 s - a +4 ring of protection (right hand)
Wands
 d - a wand of flame (19)
Scrolls
 f - 4 scrolls of identify
 g - a scroll of poison {unknown}
 h - a scroll of vulnerability {unknown}
 k - a scroll of noise {unknown}
 p - 2 scrolls of magic mapping {unknown}
 r - 3 scrolls of blinking {unknown}
 t - 2 scrolls of immolation
 y - a scroll of teleportation {unknown}
 z - a scroll of fear {unknown}
Potions
 b - a potion of haste
 e - 4 potions of curing {unknown}
 m - 2 potions of heal wounds {unknown}
 o - a potion of magic {unknown}
 q - 2 potions of flight {unknown}
 u - a potion of ambrosia {unknown}
 x - 3 potions of mutation {unknown}


   Skills:
 + Level 6.2 Fighting
 + Level 10.2 Axes
 + Level 6.6 Armour
 + Level 1.3 Dodging
 + Level 0.3 Stealth
 + Level 4.7 Shields


You had 7 spell levels left.
You didn't know any spells.
Your spell library contained the following spells:

 Spells                   Type           Power      Damage    Failure   Level
 Ensorcelled Hibernation  Hex/Ice        0%         N/A       100%        2
 Passwall                 Tmut/Erth      0%         N/A       100%        2
 Swiftness                Air            0%         N/A       100%        3


Dungeon Overview and Level Annotations

Branches:
Dungeon (6/15)
 Temple: D:4-7

Altars:
Ashenzari
Dithmenos
Elyvilon
Gozag
Hepliaklqana
Makhleb
Nemelex Xobeh
Trog
Wu Jian


Message History

The gnoll hits you but does no damage.
The gnoll sergeant hits you with a +6 trident of venom!
You are poisoned.
You slash the gnoll sergeant!
The gnoll sergeant is moderately wounded.
You feel very sick. The gnoll hits you but does no damage.
You feel very sick.
The gnoll sergeant hits you with a +6 trident of venom.
The gnoll hits you but does no damage.
You slash the gnoll!
The gnoll is almost dead.
You hit the gnoll sergeant.
You feel very sick. The gnoll sergeant closely misses you.
You block the gnoll's attack.
You hit the gnoll sergeant but do no damage.
The gnoll sergeant is heavily wounded.
You hit the gnoll.
You kill the gnoll!
You feel sick. You block the gnoll sergeant's attack.
You hit the gnoll sergeant.
The gnoll sergeant is severely wounded.
You feel sick.
The gnoll sergeant hits you with a +6 trident of venom!
* * * LOW HITPOINT WARNING * * *
You barely miss the gnoll sergeant.
The gnoll sergeant is severely wounded.
You feel sick. The gnoll sergeant closely misses you.
You hit the gnoll sergeant but do no damage.
The gnoll sergeant is severely wounded.
You feel sick.
The gnoll sergeant hits you with a +6 trident of venom!
* * * LOW HITPOINT WARNING * * *
You are lethally poisoned!
You hit the gnoll sergeant.
The gnoll sergeant is severely wounded.
* * * LOW HITPOINT WARNING * * *
You feel very sick.
The gnoll sergeant hits you with a +6 trident of venom!
You die...

.... .......
..... ... ...
.... ......
#..###.#..#
..#....... .
........#.#
..#.##.).#.##.#.
.......@........
.##.##g..#.##.#.
# #...#.##.#
#.##.##..........
.......)..#.##.#.
#.#..##..)#.#
.... #..<# # ..#
#...# #....


You could see a gnoll sergeant.

Vanquished Creatures
  Sigmund (D:2)
  A black bear (D:5)
  An ice beast (D:4)
  2 phantoms
  A necrophage (D:5)
  4 scorpions (D:5)
  3 wights (D:5)
  A howler monkey (D:5)
  4 orc priests
  3 hounds
  An iguana (D:5)
  3 orc wizards
  6 adders
  5 gnolls
  4 ufetubi
  A worm (D:2)
  2 dart slugs
  23 orcs
  3 bats
  5 endoplasms
  5 giant cockroaches
  8 hobgoblins
  9 jackals (D:1)
  3 quokkas
  13 ball pythons
  4 frilled lizards
  9 goblins
  A kobold (D:2)
  7 rats
133 creatures vanquished.

Vanquished Creatures (others)
  A goblin (D:4)
  4 demonic plants (D:3)
  3 fungi (D:3)
  8 plants
  4 withered plants (D:3)
20 creatures vanquished.

Grand Total: 153 creatures vanquished

Notes
Turn   | Place    | Note
-------+----------+-------------------------------------------
     0 | D:1      | hbarley the Hill Orc Fighter began the quest for the Orb.
     0 | D:1      | Reached XP level 1. HP: 19/19 MP: 1/1
   143 | D:1      | Reached XP level 2. HP: 27/27 MP: 2/2
   277 | D:1      | Reached skill level 3 in Axes
   400 | D:1      | Reached XP level 3. HP: 30/33 MP: 3/3
  1235 | D:2      | Reached XP level 4. HP: 39/40 MP: 4/4
  1272 | D:2      | Noticed Sigmund
  1285 | D:2      | Killed Sigmund
  1286 | D:2      | Reached skill level 5 in Axes
  1286 | D:2      | Reached XP level 5. HP: 35/47 MP: 5/5
  1286 | D:2      | Reached XP level 6. HP: 39/53 MP: 6/6
  1781 | D:3      | Reached skill level 5 in Armour
  1783 | D:3      | Reached skill level 6 in Axes
  1885 | D:3      | Found a faded altar of an unknown god.
  2248 | D:3      | Found an opulent altar of Gozag.
  2698 | D:4      | Reached XP level 7. HP: 59/60 MP: 7/7
  2771 | D:4      | Found a bloodstained altar of Trog.
  2801 | D:4      | Reached skill level 7 in Axes
  3414 | D:5      | Entered Level 5 of the Dungeon
  3467 | D:5      | Reached skill level 8 in Axes
  3467 | D:5      | Reached skill level 1 in Dodging
  3475 | D:5      | Reached skill level 5 in Fighting
  3475 | D:5      | Reached XP level 8. HP: 40/68 MP: 8/8
  3623 | D:5      | Reached skill level 9 in Axes
  4076 | D:5      | Found a shadowy altar of Dithmenos.
  4081 | D:5      | Found a broken altar of Ashenzari.
  4081 | D:5      | Found a white marble altar of Elyvilon.
  4090 | D:5      | Found a sparkling altar of Nemelex Xobeh.
  4105 | D:5      | Found a hazy altar of Hepliaklqana.
  4186 | D:5      | Found a burning altar of Makhleb.
  4234 | D:5      | Found an ornate altar of the Wu Jian Council.
  4717 | D:5      | Reached skill level 10 in Axes
  5162 | D:6      | Slain by a gnoll sergeant

Illustrated notes

Levels and vault maps discovered:
D:1:      minmay_arrival_semitransparent, layout_basic
D:2:      layout_rooms, minmay_indecisive_spiral, uniq_sigmund
D:3:      layout_loops_ring, mainiacjoe_overflow_brackets,
          shapermc_ecumenical_altar_gd, minmay_parallelograms,
          kennysheep_generic_room_2
D:4:      layout_loops_ring, mainiacjoe_overflow_tiny_flanked,
          kennysheep_decorative_pillar, lemuel_flame_loot_1
D:5:      layout_cave_pools, nicolae_wu_jian_glorious_leap,
          lightli_temple_of_fire, minmay_overflow_temple_star_hex,
          chequers_big_river, hex_large
D:6:      layout_basic, minmay_temple_entry_hall, serial_bayou_pond_d

Skill      XL: |  1  2  3  4  5  6  7  8 |
---------------+-------------------------+-----
Axes           | 3 5 6 8 10 | 10.2
Fighting       | 4 5 6 |  6.2
Armour         | 4 5 6 |  6.6
Shields        | 4 |  4.7
Dodging        | 1 |  1.3
Stealth        | |  0.3

Action                   |  1- 3 |  4- 6 |  7- 9 || total
-------------------------+-------+-------+-------++-------
Melee: War axe           |   121 |   106 |   219 ||   446
  Use: Potion            |       |     1 |     1 ||     2
       Scroll            |       |     2 |       ||     2
Armor: Chain mail        |    43 |       |       ||    43
       Storm dragon scal |    40 |    75 |   198 ||   313
Dodge: Dodged            |    47 |    33 |    97 ||   177
Block: Buckler           |    39 |    23 |    60 ||   122
